 Dungeon Crawl Stone Soup version 0.18-a0-1745-gffa9a88 (webtiles) character file.

23058 dobroeutro the Blocker (level 13, -1/80 HPs)
             Began as a Gargoyle Fighter on Apr 11, 2016.
             Was a High Priest of Okawaru.
             Killed from afar by a deep elf mage (32 damage)
             ... with a bolt of magma
             ... on level 12 of the Dungeon.
             The game lasted 00:42:16 (11315 turns).

dobroeutro the Blocker (Gargoyle Fighter)          Turns: 11315, Time: 00:42:16

Health: -1/80      AC: 28    Str: 24 (25) XL:     13   Next: 4%
Magic:  12/14      EV: 12    Int:  9      God:    Okawaru [*****.]
Gold:   603        SH: 22    Dex: 11 (12) Spells: 0 memorised, 12 levels left

rFire  . . .     SeeInvis .     t - +4 mace (crush)
rCold  . . .     Gourm    .     q - +0 chain mail
rNeg   + . .     Faith    .     c - +0 large shield
rPois  ∞         Spirit   .     e - +0 helmet
rElec  +         Dismiss  .     X - +1 cloak {rPois}
rCorr  .         Reflect  .     (no gloves)
SustAt .         Harm     .     o - +0 pair of boots {run}
MR     .....                    (no amulet)
Stlth  +.........               I - ring of stealth
                                k - +3 ring of dexterity

@: heroism, quick, not resistant to hostile enchantments, very unstealthy
A: hooves 1, blurry vision 1, deterioration 1, mutation resistance 1, negative
energy resistance 1, electricity resistance, unbreathing, petrification
resistance, rot immunity, AC +9
a: Heroism, Finesse, Renounce Religion


You were on level 12 of the Dungeon.
You worshipped Okawaru.
Okawaru was extremely pleased with you.
You were very hungry.

You visited 1 branch of the dungeon, and saw 12 of its levels.

You collected 603 gold pieces.

Inventory:

Hand Weapons
 t - a +4 mace of crushing (weapon)
Missiles
 M - 8 javelins (quivered)
Armour
 c - a +0 large shield (worn)
 e - a +0 helmet (worn)
 o - a +0 pair of boots of running (worn)
 q - a +0 chain mail (worn)
 X - a +1 cloak of poison resistance (worn)
Jewellery
 k - a +3 ring of dexterity (left hand)
 s - an uncursed ring of flight
 I - a ring of stealth (right hand)
Wands
 a - a wand of heal wounds (1/9)
 g - a wand of teleportation (3/9)
 w - a wand of acid (0/15)
 x - a wand of disintegration (15/24)
 y - a wand of lightning (0/15)
 D - a wand of lightning (5/15)
 L - a wand of slowing (20/48)
 O - a wand of enslavement (14/24)
 P - a wand of digging (12/24)
 S - a wand of iceblast (6/15)
 V - a wand of teleportation (5/9)
Scrolls
 b - 4 scrolls of noise {unknown}
 h - 7 scrolls of remove curse {unknown}
 i - 7 scrolls of amnesia {unknown}
 j - 7 scrolls of magic mapping {unknown}
 p - 2 scrolls of immolation {unknown}
 v - a scroll of blinking {unknown}
 B - 2 scrolls of vulnerability {unknown}
 C - 2 scrolls of random uselessness {unknown}
 F - 6 scrolls of teleportation {unknown}
 G - 2 scrolls of fear {unknown}
 R - 3 scrolls of enchant armour {unknown}
 T - a scroll of acquirement {unknown}
Potions
 d - 2 potions of might
 m - 3 potions of berserk rage
 n - 3 potions of haste
 u - 4 potions of curing
 z - 3 potions of flight
 E - a potion of ambrosia
 H - a potion of heal wounds
 J - a potion of degeneration
 K - 2 potions of agility
 Q - a potion of cure mutation
 U - a potion of lignification {unknown}
Comestibles
 f - 5 bread rations
 l - 6 meat rations
 A - 19 fruits
 N - 8 slices of pizza


   Skills:
 + Level 9.5(14.5) Fighting
 + Level 10.2(15.2) Maces & Flails
 + Level 10.1(15.1) Armour
 + Level 6.2(11.2) Dodging
 + Level 13.7(18.7) Shields
 + Level 1.4 Invocations
 - Level 0.1 Evocations


You had 12 spell levels left.
You didn't know any spells.

Dungeon Overview and Level Annotations

Branches:
Dungeon (12/15)            Temple (0/1) D:5            Lair (0/8) D:10
    Orc (0/2) D:10

Altars:
Cheibriados
Kikubaaqudgha
Makhleb
Nemelex Xobeh
Okawaru
Qazlal
Ru
Sif Muna
Xom
Yredelemnul
The Shining One
Beogh

Annotations:
D:12 Sonja


Innate Abilities, Weirdness & Mutations

You are resistant to torment.
Your stone body is resilient (AC +9).
You are immune to poison.
You resist negative energy.
You are resistant to electric shocks.
You can survive without breathing.
You are immune to petrification.
You are immune to rotting.
You have large cloven feet.
Scrolls take you a little longer to read.
Your body sometimes deteriorates upon taking damage.
You are somewhat resistant to further mutation.


Message History

The deep elf mage gestures wildly while chanting.
The deep elf mage blinks!
You sock the earth elemental!
The earth elemental is moderately damaged.
You hit the earth elemental but do no damage.
The earth elemental is moderately damaged.
You block the earth elemental's attack.
You barely miss the earth elemental.
The earth elemental is moderately damaged.
You hit the earth elemental.
The earth elemental is moderately damaged.
The earth elemental hits you.
The deep elf mage points at you and mumbles some strange words.
You block the stone arrow. You block the deep elf mage's attack.
You closely miss the deep elf mage.
The deep elf mage is lightly wounded.
The deep elf mage points at you and mumbles some strange words.
The bolt of magma hits you!
You die...

.....# #.# #..###..#..####..
#....#####.# ##..###...........
#.....#....## ##.....#.[.........
...##...#...###..#.............##
.###...###...#..####...........##
###.....##......# #...........##
##........#)....####.............
...........÷).....E.#............
.............>..@.####>........##
...............e### ##....>.# #
................# #.....)####
................#### ##......[)..
...................###....#######
..........................## #
....................##.....## #
............................# #
.............................####


You could see an earth elemental and a deep elf mage.

Vanquished Creatures
  The ghost of namelastname112 the Envoy of Void, a journeyman DrAK of Lugonu (D:12)
  2 hydras
  2 hill giants
  An ugly thing (D:11)
  3 cyclopes
  A centaur skeleton (D:12)
  4 trolls
  A two-headed ogre (D:11)
  3 slime creatures (D:12)
  2 wyverns
  19 yaks
  A hippogriff (D:11)
  2 hungry ghosts
  Menkaure (D:7)
  2 wargs (D:10)
  A soldier ant (D:12)
  6 orc warriors
  An ice beast (D:11)
  2 sky beasts
  A wasp (D:12)
  6 ogres
  3 phantoms
  10 centaurs
  A wolf (D:10)
  3 crocodiles
  4 big kobolds (D:9)
  3 giant frogs
  7 scorpions
  5 wights
  10 killer bees
  4 electric eels (D:10)
  8 howler monkeys
  A crimson imp (D:7)
  A centaur zombie (D:8)
  2 quasits
  14 hounds
  11 orc priests
  The ghost of Torro the Sneak, a weakling SpEn (D:3)
  4 jellies
  3 giant frog skeletons
  20 orc wizards
  An iguana (D:10)
  9 worker ants
  2 killer bee zombies
  2 sheep (D:9)
  2 hound skeletons
  2 worker ant zombies
  3 gnolls (D:9)
  8 adders
  A howler monkey skeleton (D:11)
  5 shadow imps
  An ooze (D:3)
  2 adder skeletons
  2 worms
  2 giant geckos
  53 orcs
  A ball python (D:3)
  6 bats
  A giant cockroach (D:3)
  5 goblins
  7 hobgoblins
  13 jackals
  3 quokkas
  5 giant newts
  A jackal skeleton (D:4)
  13 kobolds
  2 quokka skeletons
  A quokka zombie (D:6)
  A rat (D:1)
331 creatures vanquished.

Notes
Turn   | Place    | Note
--------------------------------------------------------------
     0 | D:1      | dobroeutro the Gargoyle Fighter began the quest for the Orb.
     0 | D:1      | Reached XP level 1. HP: 14/14 MP: 1/1
   139 | D:1      | Reached XP level 2. HP: 18/19 MP: 2/2
   499 | D:2      | Reached XP level 3. HP: 17/23 MP: 3/3
   676 | D:2      | Reached skill level 4 in Shields
   732 | D:2      | Reached skill level 1 in Dodging
   732 | D:2      | Reached XP level 4. HP: 26/29 MP: 4/4
  1154 | D:2      | Found an iron altar of Okawaru.
  1158 | D:2      | Found a deep blue altar of Sif Muna.
  1160 | D:2      | Found a basalt altar of Yredelemnul.
  1162 | D:2      | Became a worshipper of Warmaster Okawaru
  1165 | D:2      | Found a burning altar of Makhleb.
  1167 | D:2      | Found a glowing golden altar of the Shining One.
  1278 | D:3      | Noticed Torro's ghost (weakling SpEn)
  1289 | D:3      | Killed Torro's ghost
  1289 | D:3      | Reached XP level 5. HP: 31/33 MP: 5/5
  1615 | D:3      | Found a roughly hewn altar of Beogh.
  1699 | D:3      | Reached * piety under Okawaru
  1852 | D:4      | Reached XP level 6. HP: 34/38 MP: 6/6
  2201 | D:4      | Found a snail-covered altar of Cheibriados.
  2438 | D:5      | Entered Level 5 of the Dungeon
  2450 | D:4      | Reached skill level 5 in Shields
  2592 | D:5      | Noticed a sky beast
  2773 | D:4      | Reached XP level 7. HP: 20/44 MP: 7/7
  3039 | D:5      | Found a sparkling altar of Nemelex Xobeh.
  3062 | D:5      | Reached ** piety under Okawaru
  3077 | D:5      | Reached skill level 6 in Shields
  3083 | D:5      | Found a stormy altar of Qazlal.
  3184 | D:5      | Found a staircase to the Ecumenical Temple.
  3237 | D:5      | Reached skill level 5 in Armour
  3284 | D:5      | Reached skill level 5 in Fighting
  3288 | D:5      | Gained mutation: You tend to lose your temper in combat. [mutagenic meat]
  3289 | D:5      | Gained mutation: You are frail (-10% HP). [mutagenic meat]
  3290 | D:5      | Gained mutation: Scrolls take you a little longer to read. [mutagenic meat]
  3291 | D:5      | Lost mutation: Scrolls take you a little longer to read. [mutagenic meat]
  3405 | D:5      | Reached XP level 8. HP: 44/44 MP: 8/8
  4198 | D:6      | Reached *** piety under Okawaru
  4198 | D:6      | Reached skill level 7 in Shields
  4470 | D:7      | Noticed Menkaure
  4485 | D:7      | Killed Menkaure
  4485 | D:7      | Reached skill level 5 in Maces & Flails
  4657 | D:7      | Reached XP level 9. HP: 46/48 MP: 9/9
  4663 | D:7      | Reached **** piety under Okawaru
  4671 | D:7      | Reached skill level 8 in Shields
  5055 | D:8      | Found an ancient bone altar of Kikubaaqudgha.
  5672 | D:9      | Reached ***** piety under Okawaru
  5672 | D:9      | Reached skill level 9 in Shields
  5748 | D:9      | Reached XP level 10. HP: 54/54 MP: 10/10
  5828 | D:9      | Found a sacrificial altar of Ru.
  5950 | D:9      | Found a shimmering altar of Xom.
  6147 | D:9      | Received a gift from Okawaru
  6182 | D:9      | Noticed a three-headed hydra
  6197 | D:9      | Killed a three-headed hydra
  6197 | D:9      | Reached skill level 10 in Shields
  6321 | D:10     | Entered Level 10 of the Dungeon
  6363 | D:10     | Received a gift from Okawaru
  6663 | D:10     | Found a staircase to the Orcish Mines.
  6802 | D:10     | Lost mutation: You tend to lose your temper in combat. [potion of cure mutation]
  6802 | D:10     | Lost mutation: You are frail (-10% HP). [potion of cure mutation]
  6803 | D:10     | Reached skill level 5 in Dodging
  6803 | D:10     | Reached skill level 11 in Shields
  6803 | D:10     | Reached XP level 11. HP: 62/69 MP: 11/11
  7142 | D:10     | Got a faintly glowing halberd
  7148 | D:10     | Identified the +7 halberd "Ruzozi" {chop, rN+ Int+4 Dex-3} (You found it on level 10 of the Dungeon)
  7195 | D:10     | Found a staircase to the Lair.
  7302 | D:10     | Noticed a hill giant
  7314 | D:10     | Killed a hill giant
  7314 | D:10     | Reached skill level 12 in Shields
  7522 | D:10     | Reached XP level 12. HP: 49/75 MP: 12/12
  8479 | D:11     | Received a gift from Okawaru
  8507 | D:11     | Gained mutation: Scrolls take you a little longer to read. [mutagenic meat]
  8508 | D:11     | Gained mutation: You have large cloven feet. [mutagenic meat]
  8509 | D:11     | Gained mutation: You are somewhat resistant to further mutation. [mutagenic meat]
  8510 | D:11     | Gained mutation: Your body sometimes deteriorates upon taking damage. [mutagenic meat]
  9406 | D:12     | Reached skill level 13 in Shields
  9426 | D:12     | Noticed namelastname112's ghost (journeyman DrAK)
  9918 | D:12     | Killed namelastname112's ghost
 10185 | D:12     | Noticed a five-headed hydra
 10199 | D:12     | Killed a five-headed hydra
 10220 | D:12     | Noticed Sonja
 10438 | D:12     | Reached skill level 1 in Invocations
 10685 | D:12     | Reached skill level 10 in Maces & Flails
 10690 | D:12     | Received a gift from Okawaru
 10712 | D:12     | Identified a +0 pair of boots of running (Okawaru gifted it to you on level 12 of the Dungeon)
 10794 | D:12     | Reached skill level 10 in Armour
 11049 | D:12     | Reached XP level 13. HP: 80/80 MP: 14/14
 11315 | D:12     | Killed from afar by a deep elf mage

Vault maps used:
D:1:      dpeg_arrival_rooms_with_view
D:2:      minitemple
D:3:      kennysheep_orc_chapel
D:4:      first_bread, lemuel_tele_altar
D:5:      grunt_temple_overflow_open, temple_hall
D:7:      uniq_menkaure
D:8:      basic_altar
D:9:      nicolae_ru_the_path_less_chosen, hangedman_ranch, hex_medium,
          xom_teletrap_fun
D:10:     erik_lair_island, erik_orc_4
D:12:     grunt_ministairs_15, kennysheep_small_circle, uniq_sonja

Skill      XL: |  1  2  3  4  5  6  7  8  9 10 11 12 |
---------------+-------------------------------------+-----
Shields        | 4 5 6 7 9 11 12 13 | 13.7
Dodging        | 1 2 3 5 6 |  6.2
Fighting       | 4 5 6 8 9 |  9.5
Armour         | 4 5 6 7 9 10 | 10.1
Maces & Flails | 3 4 5 6 8 10 | 10.2
Invocations    | 1 |  1.4
Evocations     | |  0.1

Action                   |  1- 3 |  4- 6 |  7- 9 | 10-12 | 13-15 || total
-------------------------+-------+-------+-------+-------+-------++-------
Melee: Flail             |   148 |    18 |       |       |       ||   166
       Mace              |       |   103 |   346 |   949 |    31 ||  1429
Throw: Javelin           |       |       |       |     8 |       ||     8
Invok: Heroism           |       |       |       |     4 |     1 ||     5
       Finesse           |       |       |       |     1 |       ||     1
Evoke: Wand              |       |       |       |     4 |       ||     4
  Use: Scroll            |       |     1 |       |     9 |       ||    10
       Potion            |       |     1 |       |     4 |       ||     5
  Eat: Chunk             |       |     6 |    17 |    19 |       ||    42
       Beef jerky        |       |       |       |     3 |       ||     3
       Bread ration      |       |       |       |     1 |       ||     1
